Map: Ascension to Aiur LE

Players

llIllllIllll - Winner!

  • Race: Protoss Protoss
  • League: Master
  • Spawn Location: 5:00

Anansi

  • Race: Zerg Zerg
  • League: Diamond
  • Spawn Location: 11:00

VOD

Have the link to the VOD?

Description

Time

  • Played on: Dec. 7, 2017, 4:28 p.m.
  • Length: 11:22
Show
View Real Time Build Order
Export as new Build Order

llIllllIllll Protoss - Winner!

Build Orders: Cannon Rush 

Get SALT Encoding   

  12  0:00  Probe (Chrono Boost)  
  13  0:13  Probe (Chrono Boost)  
  14  0:15  Probe  
  15  0:25  Pylon  
  15  0:43  Probe  
  15  0:44  Gateway  
  15  0:48  Forge  
  16  0:55  Probe  
  17  1:07  Probe  
  17  1:10  Pylon  
  18  1:19  Probe  
  18  1:21  Assimilator  
  18  1:25  Assimilator  
  19  1:29  Photon Cannon  
  19  1:41  Probe  
  19  1:46  Photon Cannon  
  20  1:48  Photon Cannon  
  20  2:02  Probe  
  20  2:03  Assimilator  
  21  2:14  Probe  
  22  2:26  Probe, Pylon  
  22  2:28  Gateway  
  23  2:33  Photon Cannon  
  23  2:36  Pylon  
  23  2:40  Probe  
  24  2:51  Photon Cannon  
  24  3:19  Probe  
  25  3:22  Nexus  
  25  3:45  Nexus  
  25  4:02  Photon Cannon  
  25  4:05  Pylon  
  25  4:10  Cybernetics Core  
  25  4:13  Probe (Chrono Boost)  
  27  4:25  Probe (Chrono Boost)  
  27  4:26  Photon Cannon  
  27  4:32  Probe  
  28  4:45  Probe x2  
  30  4:57  Probe  
  30  4:58  Assimilator  
  31  5:02  Stalker (Chrono Boost)  
  33  5:09  Probe  
  33  5:12  Probe (Chrono Boost), Assimilator  
  35  5:16  Assimilator  
  35  5:24  Probe (Chrono Boost)  
  37  5:29  Assimilator  
  37  5:31  Probe x2 (Chrono Boost)  
  37  5:33  Probe  
  39  5:45  Probe  
  40  5:57  Probe (Chrono Boost)  
  41  6:09  Probe (Chrono Boost), Stargate  
  42  6:11  Stargate  
  42  6:12  Probe (Chrono Boost)  
  42  6:13  Probe, Stargate  
  42  6:16  Stargate  
  44  6:25  Probe  
  45  6:37  Probe  
  45  6:39  Pylon  
  46  6:49  Probe  
  47  6:59  Photon Cannon  
  47  7:01  Probe  
  48  7:02  Photon Cannon  
  48  7:03  Void Ray x2  
  48  7:06  Void Ray  
  60  7:13  Probe  
  61  7:21  Void Ray (Chrono Boost)  
  65  7:25  Probe  
  66  7:47  Void Ray (Chrono Boost)  
  70  7:51  Pylon  
  70  7:54  Pylon  
  70  8:03  Pylon  
  70  8:06  Pylon  
  70  8:09  Void Ray x2, Pylon  
  70  8:11  Void Ray  
  82  8:20  Void Ray  
  98  9:14  Phoenix x2  
  98  9:15  Phoenix x2  
  90  9:29  Photon Cannon  
  90  9:30  Photon Cannon  
  90  9:37  Photon Cannon  
  90  9:39  Phoenix (Chrono Boost)  
  90  9:41  Pylon  
  98  9:49  Phoenix x2 (Chrono Boost)  
  98  9:50  Phoenix (Chrono Boost), Shield Battery  
  98  9:56  Phoenix (Chrono Boost)  
  100  10:04  Phoenix x2  
  100  10:05  Phoenix  
  106  10:19  Phoenix  
  106  10:29  Phoenix x2  
Show
View Real Time Build Order
Export as new Build Order

Anansi Zerg 

Build Orders: Hatch First, Muta Ling Bane 

Get SALT Encoding   

  12  0:10  Overlord  
  12  0:13  Drone  
  13  0:31  Drone x2  
  13  0:34  Drone  
  16  0:50  Hatchery  
  16  0:54  Drone  
  16  0:57  Drone  
  17  1:10  Extractor  
  16  1:14  Spawning Pool  
  16  1:17  Drone  
  16  1:20  Drone  
  17  1:27  Drone  
  18  1:39  Drone  
  19  1:47  Overlord  
  19  2:02  Queen  
  19  2:03  Queen, Zergling x2  
  19  2:04  Zergling x2  
  25  2:10  Spine Crawler  
  24  2:19  Roach Warren  
  23  2:27  Overlord  
  23  2:47  Zergling x6  
  23  2:49  Zergling x6  
  25  3:10  Drone  
  23  3:15  Drone x4  
  27  3:33  Hatchery  
  26  3:38  Drone  
  26  3:39  Extractor  
  26  3:45  Drone, Evolution Chamber  
  26  3:56  Drone x2  
  28  4:11  Lair  
  28  4:13  Drone  
  29  4:20  Drone  
  30  4:28  Metabolic Boost  
  30  4:29  Zerg Melee Weapons Level 1  
  30  4:35  Drone  
  30  4:36  Baneling Nest  
  30  4:39  Drone  
  31  4:49  Drone  
  31  4:50  Drone  
  33  4:55  Drone x2  
  35  5:03  Drone  
  35  5:04  Drone  
  37  5:15  Hatchery  
  36  5:23  Drone x2  
  36  5:25  Drone  
  39  5:40  Baneling  
  38  5:47  Drone x6  
  43  5:56  Spine Crawler  
  41  5:57  Spine Crawler  
  41  6:00  Spine Crawler  
  41  6:01  Zergling x4  
  41  6:04  Zergling x2  
  41  6:05  Zergling x2  
  41  6:06  Zergling x2  
  44  6:16  Overlord  
  44  6:56  Queen x2  
  44  6:57  Queen  
  44  6:58  Drone x8  
  44  6:59  Overlord  
  44  7:00  Overlord x2, Zerg Melee Weapons Level 2  
  58  7:04  Spire  
  58  7:07  Centrifical Hooks  
  57  7:13  Drone  
  57  7:31  Drone x10  
  67  7:51  Extractor  
  67  7:52  Extractor  
  67  7:55  Spore Crawler  
  67  7:56  Spore Crawler  
  67  7:58  Spore Crawler  
  62  8:03  Zergling x18  
  71  8:10  Hydralisk Den  
  71  8:11  Hatchery, Drone x3  
  72  8:13  Drone x2  
  72  8:15  Overlord x3  
  72  8:16  Overlord  
  72  8:19  Zerg Flyer Weapons Level 1  
  74  8:22  Overseer x3  
  74  8:35  Mutalisk  
  74  8:36  Mutalisk x5  
  84  8:46  Spore Crawler  
  83  8:48  Spore Crawler  
  83  8:51  Mutalisk  
  78  9:16  Lair  
  78  9:19  Extractor  
  78  9:21  Hatchery  
  76  9:28  Drone  
  76  9:29  Drone x9  
  76  9:30  Drone  
  87  9:50  Hatchery  
  85  9:55  Spore Crawler  
  85  9:57  Spore Crawler  
  83  10:01  Spore Crawler  
  83  10:04  Spore Crawler  
  83  10:05  Baneling  
  83  10:06  Baneling x11  
  77  10:09  Spore Crawler  
  66  10:16  Spore Crawler  
  66  10:19  Queen, Extractor  
Tags
 
Add a new tag
Caveats
  • Supply blocks, unpowered buildings, or Contaminate may cause inaccurate times.
  • Supply counts are checked every 10 seconds.